Minoru, lawful male human Samurai .)). (--- I ^.....<| )..- |. Minoru the Ninja Experience level: 8 Strength: 15 Dexterity: 16 Constitution: 18 Intelligence: 8 Wisdom: 10 Charisma: 9 Health: 0(77) Energy: 39(39) Def: 11 Gold: 972 Moves: 4373 Dungeon seed: FTkf7VVzHFe1yrZ0 Game ID: Minoru_1465255626 Your Inventory: Coins $ - 972 gold pieces Weapons a - an uncursed +0 katana (alternate weapon; not wielded) b - an uncursed +2 wakizashi c - a blessed +1 yumi d - 48 uncursed +0 ya (in quiver) m - 7 uncursed +0 ya w - 70 uncursed +0 arrows C - the blessed rustproof +0 Excalibur (weapon in hand) Armor e - an uncursed rustproof +0 splint mail (being worn) s - a cursed -1 cloak of protection I - an uncursed +0 dwarvish iron helm named noncursed (being worn) J - an uncursed +0 pair of iron shoes named noncursed (being worn) Q - an uncursed +0 elven cloak named noncursed (being worn) Comestibles u - an uncursed cram ration M - an uncursed clove of garlic Scrolls p - an uncursed scroll of remove curse Potions k - a cursed potion of gain ability o - a blessed potion of sickness v - a cursed potion of paralysis z - a blessed potion of extra healing A - an uncursed potion of blindness B - an uncursed potion of see invisible F - an uncursed potion of acid P - a blessed potion of gain ability V - 2 uncursed potions of invisibility Rings l - an uncursed ring of teleport control named noncursed (on left hand) W - an uncursed ring of fire resistance (on right hand) Wands f - an uncursed wand of probing (0:3) h - an uncursed wand of probing (0:6) j - an uncursed wand of striking (0:6) n - an uncursed wand of striking (0:7) q - an uncursed wand of striking (0:7) D - an uncursed wand of magic missile (0:4) H - an uncursed wand of polymorph (0:7) S - an uncursed wand of cancellation named no effect (0:3) Tools g - an uncursed blindfold (being worn) i - an uncursed sack t - an uncursed wax candle (0:400) E - 3 uncursed tallow candles (0:200) L - an uncursed skeleton key named noncursed U - an uncursed sack Gems r - 2 uncursed worthless pieces of orange glass x - an uncursed worthless piece of green glass y - 3 uncursed worthless pieces of red glass N - an uncursed worthless piece of violet glass Y - 2 uncursed chrysoberyl stones Contents of the sack: 27 gold pieces an uncursed turquoise stone an uncursed worthless piece of blue glass an uncursed worthless piece of white glass an uncursed worthless piece of yellow glass Contents of the sack: 2 uncursed scrolls of blank paper an uncursed scroll of enchant armor an uncursed scroll of enchant weapon an uncursed scroll of identify 3 uncursed scrolls of light an uncursed scroll of remove curse 15 uncursed tallow candles (0:200) Spells and supernatural/magical abilities: Name Level Category Fail Memory h - healing 1 healing 100% 96% k - knock 1 matter 100% 98% z - sleep 1 enchantment 100% 98% H - haste self 3 escape 100% 98% W - pray for help -- divine ? -- Your skills at the end: Miscellaneous Skills martial arts [Basic] wands [Basic] Weapon Skills short sword [Basic] long sword [Skilled] bow [Basic] Spellcasting Skills Final Attributes: You were stridently aligned. You were fire resistant. You were level-drain resistant. You were telepathic. You had automatic searching. You were stealthy. You had teleport control. You were fast. You are dead. Vanquished creatures: a large dog a giant beetle 2 leprechauns a giant spider an ice vortex a black light a vampire bat 2 dogs a housecat a human zombie a soldier ant a fire ant a bugbear an imp a wood nymph an orc shaman a rock piercer 2 fog clouds 9 gnome lords 6 gnomish wizards 2 golden naga hatchlings 2 guardian naga hatchlings a barrow wight 4 elf zombies 4 giant ants a little dog 2 floating eyes 4 dwarves a kobold lord 2 iguanas 2 hill orcs a rabid rat 2 orc zombies 2 coyotes 3 hobbits an acid blob a gecko 4 giant rats a yellow mold 37 gnomes 4 jackals 5 newts 4 goblins 4 sewer rats 6 grid bugs 2 bats a lichen a kobold zombie 140 creatures vanquished. Voluntary challenges: You used a wielded weapon 198 times, starting on turn 3. You did not apply a unicorn horn. You read items or engraved 17 times, starting on turn 224. You never genocided any monsters. You never polymorphed an object. You never changed form. You used no wishes. You never split a pudding. You wrote Elbereth's name 3 times, starting on turn 2498. You violated your moral code, losing 3 points of alignment, starting on turn 4061. Dungeon overview: The Dungeons of Doom: levels 1 to 5 Level 1 a long staircase Level 2 an armor shop, a fountain Level 3 Level 4 stairs to The Gnomish Mines Level 5 The Gnomish Mines: levels 5 to 10 Level 5 stairs to The Dungeons of Doom Level 6 Level 7 many shops, a temple to Amaterasu Omikami, a magic chest, some fountains Level 8 Level 9 Level 10 <- You were here History has recorded: On T:1 you entered the Dungeons of Doom to retrieve the Amulet of Yendor! On T:111 you reached level 2 of The Dungeons of Doom. On T:177 you advanced to experience level 2. On T:391 you reached level 3 of The Dungeons of Doom. On T:574 you reached level 4 of The Dungeons of Doom. On T:695 you advanced to experience level 3. On T:760 you reached level 1 of The Gnomish Mines. On T:864 you reached level 5 of The Dungeons of Doom. On T:951 you advanced to experience level 4. On T:1060 you advanced to experience level 5. On T:1186 you reached level 3 of The Gnomish Mines. On T:1198 you reached level 4 of The Gnomish Mines. On T:1313 you reached level 2 of The Gnomish Mines. On T:1559 you advanced to experience level 6. On T:2316 you advanced to experience level 7. On T:2318 you entered the Minetown temple On T:3507 you opened a magic chest. On T:3608 you reached level 5 of The Gnomish Mines. On T:4066 you advanced to experience level 8. On T:4266 you reached level 6 of The Gnomish Mines. Score breakdown: Gold: 999 ( 99 points) Experience: 8 levels ( 700 points) Exploration: 10 levels ( 270 points) Discoveries: 9 items ( 450 points) Variety of kills: 48 monsters ( 2000 points) Major goal: reached Minetown ( 500 points) Survival: died (score multiplied by 3) Total score: 12057 Latest messages: Your purse feels lighter. The giant spider bites! You find a spiked pit. You kill the gnome! The giant spider misses. You have a little trouble lifting D - a wand. You try to feel what is lying here on the floor. There are a few more objects here. The giant spider misses. (2x) You try to feel what is lying here on the floor. There are a few objects here. The giant spider bites! You slash the giant spider. You kill the giant spider! You faint from lack of food. You come to. You slash the gnomish wizard. You faint from lack of food. You come to. You hear a mumbled curse. You hack the gnomish wizard. You kill the gnomish wizard! You faint from lack of food. Something stabs you! (3x) Your candle is consumed! Something stabs you! (4x) You die... Final status: Sayonara Minoru the Samurai, killed by a dwarf lord, while fainted from lack of food... You died in The Gnomish Mines on dungeon level 10 with 12057 points, and 999 pieces of gold, after 4373 moves. You were level 8 with a maximum of 77 hit points when you died.